 Dungeon Crawl Stone Soup version 0.22-a0-185-ge330310 (webtiles) character file.

29 vishdafish the Skirmisher (level 3, 20/29 HPs)
             Began as a Demonspawn Fighter on Feb 15, 2018.
             Quit the game on level 1 of the Dungeon.
             The game lasted 00:00:30 (435 turns).

vishdafish the Skirmisher (Demonspawn Fighter)       Turns: 435, Time: 00:00:31

Health: 20/29      AC:  6    Str: 16    XL:     3   Next: 1%
Magic:  3/3        EV:  7    Int: 10    God:
Gold:   66         SH:  8    Dex: 12    Spells: 2/2 levels left

rFire    . . .     SeeInvis .   a - +0 long sword
rCold    + . .     Gourm    .   c - +0 shield
rNeg     . . .     Faith    .   b - +0 scale mail
rPois    .         Spirit   .   (no helmet)
rElec    .         Reflect  .   (no cloak)
rCorr    .         Harm     .   (no gloves)
MR       .....                  (no boots)
Stlth    ..........             (no amulet)
HPRegen  0.09/turn              (no ring)
MPRegen  0.08/turn              (no ring)

@: no status effects
A: cold resistance 1, demonic guardian 1
a: no special abilities


You were on level 1 of the Dungeon.
You were not hungry.

You visited 1 branch of the dungeon, and saw 1 of its levels.

You collected 66 gold pieces.

Inventory:

Hand Weapons
 a - a +0 long sword (weapon)
Armour
 b - a +0 scale mail (worn)
 c - a +0 shield (worn)
Scrolls
 e - a scroll of teleportation {unknown}
Potions
 d - 2 potions of might
Comestibles
 f - 4 rations


   Skills:
 + Level 3.2 Fighting
 + Level 2.0 Long Blades
 + Level 3.0 Armour
 + Level 0.4 Dodging
 + Level 3.0 Shields


You had 2 spell levels left.
You didn't know any spells.

Dungeon Overview and Level Annotations

Branches:
Dungeon (1/15)

Altars:


Innate Abilities, Weirdness & Mutations

Your flesh is cold resistant. (rC+)
A weak demonic guardian rushes to your aid.


Message History

You block the jackal's attack.
The jackal bites you but does no damage.
The jackal bites you.
You hit the jackal.
The jackal is severely wounded.
The jackal barely misses you.
You riposte.
You closely miss the jackal. The jackal barely misses you.
The jackal bites you but does no damage. x2
You block the goblin's attack.
You slash the jackal!
You kill the jackal!
You have reached level 3!
Your experience leads to an increase in your attributes!
Increase (S)trength, (I)ntelligence, or (D)exterity?
You feel clever.
Your demonic ancestry asserts itself...
You feel resistant to cold.
The jackal bites you but does no damage. x2
The goblin hits you but does no damage. You block the rat's attack.
You block the jackal's attack.
Are you sure you want to abandon this character and quit the game? (Confirm with "yes".)

## ## #.# #. ..... #.#.
... ##.#.#r###
#...>..g.#################
.#.#.#.#h@................
#......#........##...
#........#........##...
###......#........##...
#......#........##...
+......+.............
#......#.....#####...
########.....# #...
####### #...


You could see a jackal, a goblin and a rat.

Vanquished Creatures
  3 dart slugs (D:1)
  A leopard gecko (D:1)
  2 giant cockroaches (D:1)
  4 hobgoblins (D:1)
  3 jackals (D:1)
  A bat (D:1)
  4 goblins (D:1)
  A kobold (D:1)
19 creatures vanquished.

Notes
Turn   | Place    | Note
-------+----------+-------------------------------------------
     0 | D:1      | vishdafish the Demonspawn Fighter began the quest for the Orb.
     0 | D:1      | Reached XP level 1. HP: 18/18 MP: 1/1
    98 | D:1      | Gained mutation: A weak demonic guardian rushes to your aid. [demonic ancestry]
    98 | D:1      | Reached XP level 2. HP: 16/24 MP: 2/2
   432 | D:1      | Gained mutation: Your flesh is cold resistant. (rC+) [demonic ancestry]
   432 | D:1      | Reached XP level 3. HP: 20/29 MP: 3/3
   435 | D:1      | Quit the game

Vault maps used:
D:1:      dpeg_arrival_snail, st_stairs_8

Skill      XL: |  1  2 |
---------------+-------+-----
Shields        | 3 |  3.0
Long Blades    | 2 |  2.0
Armour         | 3 |  3.0
Fighting       | |  3.2
Dodging        | |  0.4

Action                   || total
-------------------------++-------
Melee: Long sword        ||    51
Armor: Scale mail        ||    40
Dodge: Dodged            ||    20
Block: Shield            ||    32
       Rpst.: Long sword ||     5

Table legend:
 A = Spawn XP
 B = Non-spawn XP
 C = Spawn XP percentage of total XP
 D = Spawn monster count
 E = Non-spawn monster count
 F = Spawn count percentage of total count
 G = Total turns spent on level
                    A         B        C        D         E        F      G
               +---------+---------+-------+---------+---------+-------+---------
         Total |       0 |      42 |   0.0 |       0 |      19 |   0.0 |   435
               +---------+---------+-------+---------+---------+-------+---------
           D:1 |       0 |      42 |   0.0 |       0 |      19 |   0.0 |   435
               +---------+---------+-------+---------+---------+-------+---------
